Map: Torches LE

Players

altera

  • Race: Protoss Protoss
  • League: Diamond
  • Spawn Location: 1:00

Freezard - Winner!

  • Race: Terran Terran
  • League: Diamond
  • Spawn Location: 5:00

VOD

Have the link to the VOD?

Description

Time

  • Played on: June 12, 2025, 12:49 p.m.
  • Length: 12:48
Show
View Real Time Build Order
Export as new Build Order

altera Protoss 

Build Orders:  

Get SALT Encoding   

  12  0:00  Probe  
  13  0:12  Probe  
  14  0:17  Pylon  
  14  0:24  Probe  
  15  0:34  Probe  
  15  0:35  Gateway  
  15  0:42  Probe  
  16  0:49  Assimilator  
  17  0:52  Probe  
  18  1:05  Probe  
  18  1:10  Gateway  
  19  1:17  Probe  
  20  1:24  Cybernetics Core  
  20  1:29  Probe  
  20  1:32  Assimilator  
  21  1:40  Pylon  
  21  1:41  Probe  
  22  1:54  Stalker  
  22  1:55  Stalker  
  26  2:06  Warp Gate  
  26  2:07  Probe  
  27  2:15  Stalker  
  27  2:17  Pylon, Stalker  
  31  2:42  Stalker  
  31  2:44  Stalker  
  35  3:10  Nexus  
  35  3:16  Shield Battery  
  35  3:26  Stargate  
  35  3:30  Probe  
  36  3:47  Probe  
  37  3:56  Sentry, Pylon  
  37  4:01  Pylon  
  39  4:06  Phoenix  
  39  4:14  Probe  
  42  4:18  Sentry  
  44  4:24  Sentry  
  44  4:26  Probe  
  44  4:27  Probe  
  47  4:38  Probe  
  47  4:39  Probe  
  44  4:51  Phoenix  
  44  4:59  Probe  
  46  5:03  Probe  
  48  5:07  Probe  
  48  5:14  Phoenix, Zealot x2  
  51  5:15  Probe  
  51  5:19  Probe  
  57  5:27  Probe  
  58  5:31  Probe  
  59  5:42  Phoenix  
  61  6:00  Zealot  
  61  6:01  Probe, Zealot  
  61  6:02  Probe  
  67  6:07  Phoenix  
  67  6:08  Assimilator  
  67  6:09  Assimilator  
  69  6:14  Probe  
  70  6:19  Pylon x2  
  70  6:21  Pylon  
  70  6:24  Pylon  
  70  6:28  Robotics Facility  
  70  6:37  Phoenix, Probe  
  63  7:02  Phoenix  
  63  7:03  Probe x2  
  67  7:11  Shield Battery  
  67  7:12  Zealot x2  
  67  7:15  Probe x2, Pylon  
  73  7:25  Immortal  
  73  7:27  Phoenix, Probe  
  80  7:47  Zealot x2  
  84  7:52  Phoenix  
  84  8:08  Forge  
  84  8:09  Twilight Council, Forge  
  84  8:13  Gateway  
  84  8:14  Gateway  
  84  8:15  Pylon  
  84  8:19  Probe x2  
  86  8:28  Zealot  
  86  8:29  Sentry  
  90  8:35  Nexus, Probe  
  90  8:36  Probe  
  90  8:38  Pylon x2  
  92  8:46  Phoenix  
  94  8:49  Immortal  
  98  9:11  Oracle  
  99  9:29  Immortal, Protoss Ground Weapons Level 1, Protoss Ground Armor Level 1  
  99  9:34  Charge  
  99  9:47  Templar Archives  
  99  9:48  Phoenix  
  101  9:53  Probe x3  
  104  10:05  Probe x3  
  107  10:11  Immortal  
  107  10:13  Phoenix  
  113  10:21  Protoss Air Weapons Level 1  
  113  10:29  High Templar x2  
  113  10:31  Zealot x2  
  113  10:33  Archon  
  121  10:39  Probe x3  
  99  10:53  Psionic Storm  
  99  10:56  Zealot x2  
  83  11:06  Probe x2  
  83  11:10  Zealot x2  
  89  11:17  High Templar x2  
  93  11:33  Shield Battery  
  93  11:37  Shield Battery  
  93  11:54  Zealot x4  
  101  12:02  Nexus  
  101  12:04  Pylon x2  
  101  12:15  High Templar x2  
  105  12:16  Zealot x2  
  105  12:22  Phoenix  
Show
View Real Time Build Order
Export as new Build Order

Freezard Terran - Winner!

Build Orders:  

Get SALT Encoding   

  12  0:00  SCV  
  13  0:12  SCV  
  14  0:17  Supply Depot  
  14  0:25  SCV  
  15  0:40  SCV  
  15  0:41  Barracks  
  16  0:46  Refinery  
  16  0:52  SCV  
  17  1:04  SCV  
  18  1:16  SCV  
  19  1:31  Orbital Command  
  20  1:41  Supply Depot  
  20  1:53  Bunker  
  20  1:55  Marine  
  20  1:58  SCV  
  20  2:00  Factory  
  21  2:13  SCV  
  22  2:25  SCV, Command Center  
  22  2:27  Barracks Reactor  
  23  2:34  Refinery  
  23  2:37  SCV  
  24  2:44  Factory Tech Lab  
  24  2:49  SCV  
  24  2:50  Supply Depot  
  25  2:53  Starport  
  25  3:01  SCV  
  26  3:08  Marine x2  
  28  3:13  SCV  
  28  3:15  Cyclone  
  32  3:27  Marine x2  
  32  3:32  Supply Depot  
  34  3:35  Medivac  
  34  3:38  SCV  
  37  3:41  Orbital Command  
  37  3:51  Cyclone  
  40  4:01  Marine x2  
  42  4:03  SCV  
  43  4:11  Starport Tech Lab  
  43  4:14  SCV  
  43  4:15  SCV  
  45  4:18  Supply Depot  
  45  4:21  Marine x2  
  45  4:24  Siege Tank  
  48  4:52  Orbital Command  
  46  4:57  SCV, Cyclone  
  48  5:08  Marine  
  48  5:09  Viking x2, SCV  
  54  5:19  SCV  
  55  5:22  SCV  
  55  5:26  Marine  
  57  5:31  SCV  
  57  5:34  SCV  
  59  5:44  SCV, Viking x2  
  59  5:46  Marine, SCV  
  66  5:52  Command Center  
  66  5:56  SCV  
  67  5:58  SCV  
  67  6:00  Barracks x2  
  67  6:01  Stimpack, Barracks  
  68  6:08  SCV  
  68  6:10  SCV  
  70  6:16  Engineering Bay  
  70  6:18  Refinery  
  70  6:20  Refinery, Engineering Bay  
  70  6:44  Viking, SCV  
  70  6:46  Marine, SCV  
  63  6:56  SCV  
  63  6:59  Siege Tank, SCV  
  67  7:02  Barracks Reactor  
  67  7:04  Marine  
  67  7:07  Supply Depot x2, Barracks  
  67  7:08  SCV  
  69  7:12  SCV  
  69  7:14  Orbital Command  
  70  7:16  Barracks Reactor x2  
  70  7:20  SCV  
  70  7:22  Marine  
  72  7:24  SCV  
  73  7:31  Siege Tank  
  73  7:32  SCV  
  77  7:37  Orbital Command  
  77  7:38  Terran Infantry Armor Level 1, Terran Infantry Weapons Level 1  
  77  7:39  SCV  
  77  7:40  Marine  
  79  7:48  SCV  
  79  7:50  Medivac  
  83  7:51  SCV  
  83  8:00  SCV  
  83  8:03  SCV x2  
  83  8:04  Marine x5  
  83  8:05  Marine x2, Barracks Reactor  
  90  8:07  Medivac  
  94  8:12  SCV  
  94  8:15  SCV x2  
  97  8:20  Siege Tank  
  97  8:22  Marine  
  101  8:30  Barracks  
  101  8:31  Combat Shield  
  101  8:32  Barracks  
  101  8:33  Barracks  
  101  9:21  Marine  
  101  9:22  Marine  
  101  9:23  SCV  
  101  9:37  Marine x7, Siege Tank  
  101  9:38  Medivac x2, SCV x3, Supply Depot x2  
  118  9:39  Marine x2, Supply Depot  
  118  9:41  Barracks Tech Lab x2  
  118  9:42  Barracks Tech Lab  
  120  9:50  SCV  
  121  9:55  Marine x4  
  121  9:59  Marine x3  
  128  10:10  Siege Tank, Armory  
  128  10:11  Concussive Shells, Marauder x3  
  128  10:12  Marine x2  
  128  10:13  Marine x2  
  141  10:15  Ghost Academy  
  141  10:17  Marine  
  141  10:19  Liberator x2  
  141  10:21  Marine  
  149  10:26  Supply Depot  
  149  10:28  Supply Depot  
  149  10:29  Supply Depot  
  149  10:30  Command Center, Supply Depot  
  149  10:42  Command Center  
  149  10:48  Marine x5, Marauder  
  150  11:03  Marine x6  
  156  11:05  Marine x2  
  156  11:06  Marine x2  
  156  11:10  Marauder  
  162  11:21  Medivac x2  
  162  11:22  Marauder x2, Siege Tank  
  162  11:23  SCV x3  
  176  11:29  Ghost  
  176  11:30  Marine x2  
  176  11:32  Supply Depot  
  181  11:33  Supply Depot  
  181  11:35  Supply Depot  
  181  11:41  Marine x4, SCV  
  181  11:43  Marine x2  
  181  11:44  Marauder  
  190  11:54  Siege Tank  
  193  11:55  Missile Turret  
  193  11:56  Missile Turret  
  193  12:03  Missile Turret  
  193  12:09  Planetary Fortress  
Tags
 
Matchup
ПvТ
Spawn Locations
Close Positions
Add a new tag
Caveats
  • Supply blocks, unpowered buildings, or Contaminate may cause inaccurate times.
  • Supply counts are checked every 10 seconds.